 Dungeon Crawl Stone Soup version 0.17-a0-2127-g1cb09f6 (webtiles) character file.

67 Hedron the Insei (level 4, 23/23 HPs)
             Began as a Vine Stalker Monk on Oct 23, 2015.
             Quit the game on level 2 of the Dungeon.
             The game lasted 00:03:40 (1475 turns).

Hedron the Insei (Vine Stalker Monk)                Turns: 1475, Time: 00:03:40

Health: 23/23      AC:  5    Str: 11    XL:     4   Next: 18%
Magic:  5/5        EV: 12    Int: 10    God:
Gold:   78         SH:  4    Dex: 18    Spells: 0 memorised, 3 levels left

rFire  . . .     SeeInvis .       - Unarmed
rCold  . . .     Rnd*Rage +     a - +0 robe
rNeg   . . .     SustAt   .     e - +0 buckler
rPois  .         Gourm    .     (no helmet)
rElec  .         Spirit   +     (no cloak)
rCorr  .         Warding  .     (no gloves)
rMut   .         Stasis   .     f - +1 pair of boots
MR     .....                    (no amulet)
Stlth  +.........               i - ring of loudness (curse)
                                d - ring of invisibility

@: not resistant to hostile enchantments, very unstealthy
A: fangs 2, icy blue scales 1, berserk 1, regeneration 1, weak 1, magic shield,
antimagic bite, no device heal 3, rot immunity
a: Evoke Invisibility


You were on level 2 of the Dungeon.
You were near starving.

You visited 1 branch of the dungeon, and saw 2 of its levels.

You collected 78 gold pieces.

Inventory:

Armour
 a - a +0 robe (worn)
 e - a +0 buckler (worn)
 f - a +1 pair of boots (worn)
Jewellery
 d - a ring of invisibility (left hand)
 i - a cursed ring of loudness (right hand)
Scrolls
 g - 2 scrolls of identify
 h - a scroll of blinking {unknown}
 l - a scroll of remove curse {unknown}
Potions
 m - a potion of curing
 n - a potion of degeneration
Comestibles
 b - 2 bread rations
 c - a meat ration
 j - a beef jerky
 k - 4 fruits


   Skills:
 - Level 2.6 Fighting
 - Level 2.4 Dodging
 - Level 2.4 Stealth
 + Level 5.6 Unarmed Combat


You had 3 spell levels left.
You didn't know any spells.

Dungeon Overview and Level Annotations

Branches:
Dungeon (2/15)

Altars:
Elyvilon


Innate Abilities, Weirdness & Mutations

You have extremely sharp teeth.
Your natural rate of healing is unusually fast.
When hurt, damage is shared between your health and your magic reserves.
Your bite disrupts and absorbs the magic of your enemies.
Potions and wands cannot restore your health.
You are immune to rotting.
You are partially covered in icy blue scales (AC +1).
You tend to lose your temper in combat.
You are weak. (Str -2)


Message History

You hit the ooze but do no damage. Your bite misses the ooze.
The ooze is severely wounded.
The ooze hits you but does no damage.
You punch the ooze!
You kill the ooze!
You feel sick.
You feel sick.
You feel sick.
You are no longer poisoned.
You open the door.
Found a white marble altar of Elyvilon.
There is an open door here.
There is an open door here.
There is a white marble altar of Elyvilon here.
There is an open door here.
You are near starving!
You enter the shallow water.
Moving in this stuff is going to be slow.
Done exploring.
Are you sure you want to abandon this character and quit the game? (Confirm with "yes".)

######....##.# #.....##≈..P..≈#
.....##....#.## #.>....##≈≈.≈≈##
##########.#..# #..##.#.###'###.
# #...÷....# #..##.##.......# #
#..#####.# #..##.#####.#.## #
#..# #.# ♣♣♣♣♣♣.# #..... # ##..#
#.♣♣♣..P♣.♣# ###.## ## #...#
#.♣.♣≈.....♣## #.#
.####...#####.♣♣@≈≈.P..♣.#####.#
#.##.<........♣P≈≈≈.♣♣.♣.......#
.....#.######.♣♣P≈P♣♣....#######
#(.#...# #.#♣♣♣P.♣...##
.#.###########.#♣♣♣♣#####
................#
#...############# .#..# ....#


There were no monsters in sight!

Vanquished Creatures
  3 adders (D:2)
  2 oozes (D:2)
  2 worms (D:2)
  3 giant geckos
  2 bats
  3 hobgoblins
  A quokka (D:2)
  3 giant cockroaches
  2 giant newts (D:2)
  3 goblins
  2 kobolds (D:2)
  5 rats
31 creatures vanquished.

Notes
Turn   | Place    | Note
--------------------------------------------------------------
     0 | D:1      | Hedron the Vine Stalker Monk began the quest for the Orb.
     0 | D:1      | Reached XP level 1. HP: 11/11 MP: 2/2
   230 | D:1      | Reached XP level 2. HP: 16/16 MP: 3/3
   884 | D:2      | Reached XP level 3. HP: 8/19 MP: 1/4
   889 | D:2      | Reached skill level 5 in Unarmed Combat
   924 | D:2      | Gained mutation: You are weak. (Str -2) [potion of mutation]
   924 | D:2      | Gained mutation: You are partially covered in icy blue scales (AC +1). [potion of mutation]
   924 | D:2      | Gained mutation: You tend to lose your temper in combat. [potion of mutation]
  1318 | D:2      | Reached XP level 4. HP: 19/23 MP: 5/5
  1369 | D:2      | Found a white marble altar of Elyvilon.
  1475 | D:2      | Quit the game

Vault maps used:
D:1:      dpeg_arrival_rooms_b
D:2:      lemuel_doored_altar, serial_forest, infiniplex_forest_corner_1,
          infiniplex_forest_lined_room_3, infiniplex_forest_straight_1,
          infiniplex_forest_clump_curved, infiniplex_forest_lined_room_2,
          infiniplex_forest_clump_medium, infiniplex_forest_pool,
          infiniplex_forest_straight_2, first_bread, kennysheep_nub,
          minmay_misc_feat_diagonals, hangedman_glass_garden

Action                   |  1- 3 |  4- 6 || total
-------------------------+-------+-------++-------
Melee: Unarmed           |   109 |     6 ||   115
  Use: Scroll            |     6 |       ||     6
       Potion            |     2 |       ||     2
 Stab: Sleeping          |     5 |       ||     5
